 Dungeon Crawl Stone Soup version 0.29.1-13-g9f3cf754e1 (webtiles) character file.

Game seed: 11998845656287694093

105 bnorton916 the Magician (level 4, -6/24 HPs)
             Began as a Deep Elf Fire Elementalist on Feb 11, 2023.
             Killed by divine providence
             ... invoked by an orc priest
              (10 damage)
             ... on level 2 of the Dungeon.
             The game lasted 00:01:52 (2413 turns).

bnorton916 the Magician (DEFE)                      Turns: 2413, Time: 00:01:52

Health: -6/24      AC:  2    Str:  5    XL:     4   Next: 54%
Magic:  5/12       EV: 12    Int: 22    God:
Gold:   69         SH:  0    Dex: 15    Spells: 9/12 levels left

rFire   . . .      SeeInvis .   e - +0 dagger (elec)
rCold   . . .      Faith    .   (no shield)
rNeg    . . .      Spirit   .   a - +0 robe
rPois   .          Reflect  .   (no helmet)
rElec   .          Harm     .   (no cloak)
rCorr   .          Rampage  .   (no gloves)
Will    .....                   (no boots)
Stlth   ++........              (no amulet)
HPRegen 0.08/turn               (no ring)
MPRegen 0.13/turn               (no ring)

@: no status effects
A: no striking features
a: no special abilities


You were on level 2 of the Dungeon.
You visited 1 branch of the dungeon, and saw 2 of its levels.

You collected 69 gold pieces.

Inventory:

Hand Weapons
 e - a +0 dagger of electrocution (weapon)
Missiles
 h - 3 poisoned darts (quivered)
Armour
 a - a +0 robe (worn)
Scrolls
 i - 2 scrolls of enchant armour {unknown}
 k - 2 scrolls of identify {unknown}
Potions
 b - 2 potions of magic
 c - 2 potions of curing {unknown}
 d - a potion of might {unknown}
 f - a potion of brilliance {unknown}
 g - a potion of berserk rage {unknown}
 j - a potion of invisibility {unknown}
 l - a potion of flight {unknown}


   Skills:
 - Level 2.4 Dodging
 - Level 2.4 Stealth
 + Level 4.5 Spellcasting
 + Level 2.9 Conjurations
 + Level 4.3 Fire Magic


You had 9 spell levels left.
You knew the following spells:

 Your Spells              Type           Power      Damage    Failure   Level
a - Foxfire               Conj/Fire      80%        2x1d8     2%          1
b - Scorch                Fire           46%        2d7       2%          2

Your spell library contained the following spells:

 Spells                   Type           Power      Damage    Failure   Level
 Conjure Flame            Conj/Fire      20%        6-21      7%          3
 Static Discharge         Conj/Air       11%        3-5/arc   9%          2
 Inner Flame              Hex/Fire       14%        N/A       13%         3
 Flame Wave               Conj/Fire      20%        2d7       24%         4
 Lightning Bolt           Conj/Air       5%         1d17      85%         5
 Maxwell's Capacitive Co  Air            2%         ∞         100%        8


Dungeon Overview and Level Annotations

Branches:
Dungeon (2/15)

Altars:
Uskayaw


Message History

The foxfire hits the orc priest but does no damage.
Casting: Foxfire (safe; 2% risk of failure)
Confirm with . or Enter, or press ? or * to list all spells.
You conjure some foxfire!
A goblin comes into view. It is wielding a +0 dagger.
A goblin comes into view. It is wielding a +0 club.
Casting: Foxfire (safe; 2% risk of failure)
Confirm with . or Enter, or press ? or * to list all spells.
You conjure some foxfire!
The foxfire hits the orc priest.
The orc priest is moderately wounded.
The foxfire hits the orc priest but does no damage.
The orc priest is moderately wounded.
The foxfire hits the orc priest!
The orc priest is severely wounded.
Casting: Foxfire (safe; 2% risk of failure)
Confirm with . or Enter, or press ? or * to list all spells.
Flames lash the quokka.
You kill the quokka!
The orc priest calls down the wrath of Beogh upon you.
Beogh smites you!
Ouch! That really hurt!
The orc priest hits you with a +0 dagger.
Casting: Scorch (safe; 3% risk of failure)
Confirm with . or Enter, or press ? or * to list all spells.
You conjure some foxfire!
The orc priest barely misses you.
A goblin comes into view. It is wielding a +0 club.
The goblin closely misses you.
The foxfire hits the orc priest.
You kill the orc priest!
The foxfire hits the goblin.
You kill the goblin!
Unknown command.
The orc attacks as you move away! The orc hits you with a +0 falchion.
* * * LOW HITPOINT WARNING * * *
The orc attacks as you move away! The orc hits you with a +0 falchion.
* * * LOW HITPOINT WARNING * * *
The orc priest begins to cast a cantrip, but forgets the words!
The orc priest calls down the wrath of Beogh upon you.
Beogh smites you!
You die...

......)....... .........)..#
... ...# ............##....
...# ....†##.......... ...
###.###.....#..# .. # #
#..##.....#.# ##.#.# #
##.†........# #....# #
###)......########.#.## .
##..###......@ogB..o)†#
#........#.########..g)#.....
#........########...## ...
#...............#...# .
#...############.....##..
..## ##......... ..#
#......... #.........
#.........


You could see an orc priest, an orc, a giant cockroach and 2 goblins.

Vanquished Creatures
  An orc priest (D:2)
  A gnoll (D:1)
  3 adders (D:2)
  2 orcs (D:2)
  2 endoplasms (D:1)
  2 giant cockroaches
  2 goblins
  2 hobgoblins (D:1)
  2 jackals (D:2)
  4 quokkas
  2 ball pythons (D:2)
  5 bats
  2 frilled lizards (D:1)
  4 kobolds
  3 rats
37 creatures vanquished.

Vanquished Creatures (others)
  164 foxfires
164 creatures vanquished.

Grand Total: 201 creatures vanquished

Notes
Turn   | Place    | Note
-------+----------+-------------------------------------------
     0 | D:1      | bnorton916 the Deep Elf Fire Elementalist began the quest
                  | for the Orb.
     0 | D:1      | Reached XP level 1. HP: 10/10 MP: 6/6
    62 | D:1      | Reached XP level 2. HP: 15/15 MP: 2/8
  1152 | D:1      | Reached XP level 3. HP: 19/19 MP: 7/10
  1665 | D:2      | Found a hide-covered altar of Uskayaw.
  2058 | D:2      | Learned a level 2 spell: Scorch
  2317 | D:2      | Reached XP level 4. HP: 22/24 MP: 6/12
  2413 | D:2      | Killed from afar by an orc priest

Illustrated notes

Levels and vault maps discovered:
D:1:      lightli_arrival_statue_moat, layout_loops_corners
D:2:      layout_rooms, basic_altar, minmay_misc_feat_five

Skill      XL: |  1  2  3 |
---------------+----------+-----
Conjurations   | 2 |  2.9
Spellcasting   | 4 |  4.5
Fire Magic     | 4 |  4.3
Dodging        | |  2.4
Stealth        | |  2.4

Action                   |  1- 3 |  4- 6 || total
-------------------------+-------+-------++-------
Melee: Dagger            |     1 |       ||     1
Throw: Dart              |     1 |       ||     1
 Cast: Foxfire           |    99 |     7 ||   106
       Scorch            |     1 |     1 ||     2
Armor: Robe              |     3 |     1 ||     4
Dodge: Dodged            |    17 |     2 ||    19
